 Dungeon Crawl Stone Soup version 0.29.0-4-gdea44cf6ec (webtiles) character file.

Game seed: 15712610702619660502

9867 Godmorgon the Carver (level 11, -12/84 HPs)
             Began as a Gnoll Wanderer on Aug 27, 2022.
             Was a High Priest of Okawaru.
             Mangled by a swamp worm (21 damage)
             ... on level 10 of the Dungeon.
             The game lasted 01:05:12 (13331 turns).

Godmorgon the Carver (Gnoll Wanderer)              Turns: 13331, Time: 01:05:12

Health: -12/84     AC: 10    Str: 20    XL:     11   Next: 53%
Magic:  21/21      EV: 17    Int: 13    God:    Okawaru [*****.]
Gold:   454        SH:  0    Dex: 14    Spells: 20/24 levels left

rFire   . . .      SeeInvis .   a - +5 scimitar
rCold   . . .      Faith    +   (no shield)
rNeg    . . .      Spirit   .   Z - +3 leather armour {Will+}
rPois   +          Reflect  .   S - +0 helmet
rElec   .          Harm     .   (no cloak)
rCorr   .          Rampage  .   (no gloves)
Will    +....                   E - +0 pair of boots
Stlth   +++++.....              e - amulet of faith
HPRegen 0.24/turn               o - ring "Hofam" {Fly rPois Int+2}
MPRegen 0.17/turn               y - +6 ring of strength

@: heroic, flying
A: fangs 1, strong nose, distributed training
a: Renounce Religion, Heroism, Finesse, Duel


You were on level 10 of the Dungeon.
You worshipped Okawaru.
Okawaru was extremely pleased with you.
You visited 1 branch of the dungeon, and saw 10 of its levels.
You also visited: Bailey.

You collected 454 gold pieces.

Inventory:

Hand Weapons
 a - a +5 scimitar (weapon)
 b - a +2 dagger of venom
 m - a +0 sling
Missiles
 i - 33 stones
 w - 6 boomerangs (quivered)
 D - 11 poisoned darts
 V - a curare-tipped dart
 W - 2 silver javelins
 Y - 3 boomerangs of dispersal
Armour
 z - a +0 scale mail of cold resistance
 E - a +0 pair of boots (worn)
 L - a +1 leather armour of poison resistance
 O - +0 steam dragon scales
 S - a +0 helmet (worn)
 Z - a +3 leather armour of willpower (worn)
Magical Staves
 F - a staff of poison
Jewellery
 e - an amulet of faith (around neck)
 o - the ring "Hofam" (left hand) {Fly rPois Int+2}
   (You acquired it in a bailey)

   [ring of poison resistance]

   Int:       It affects your intelligence (+2).
   rPois:     It protects you from poison.
   Fly:       It grants you flight.
 y - a +6 ring of strength (right hand)
 H - a ring of resist corrosion
 Q - a ring of protection from fire
 T - a +6 ring of intelligence
Wands
 c - a wand of roots (6)
 q - a wand of polymorph (2)
 B - a wand of light (3)
 M - a wand of paralysis (7)
 U - a wand of flame (14)
Scrolls
 d - 3 scrolls of poison
 f - a scroll of vulnerability {unknown}
 g - 2 scrolls of silence {unknown}
 j - a scroll of magic mapping {unknown}
 p - 3 scrolls of immolation
 s - 4 scrolls of teleportation
 A - 2 scrolls of butterflies {unknown}
 C - a scroll of enchant armour {unknown}
 I - a scroll of amnesia {unknown}
 K - a scroll of blinking {unknown}
 N - a scroll of torment {unknown}
Potions
 k - a potion of invisibility {unknown}
 l - 2 potions of haste {unknown}
 n - a potion of degeneration {unknown}
 r - 4 potions of curing
 u - 2 potions of mutation {unknown}
 v - a potion of heal wounds {unknown}
 x - 3 potions of lignification
 G - 2 potions of brilliance {unknown}
 J - a potion of cancellation {unknown}


   Skills:
 + Level 7.2(12.2) Fighting
 + Level 6.6(11.6) Short Blades
 + Level 9.4(14.4) Long Blades
 + Level 6.6(11.6) Axes
 + Level 6.6(11.6) Maces & Flails
 + Level 6.6(11.6) Polearms
 + Level 6.6(11.6) Staves
 + Level 6.6(11.6) Ranged Weapons
 + Level 8.1(13.1) Throwing
 + Level 7.2(12.2) Armour
 + Level 6.6(11.6) Dodging
 + Level 7.1(12.1) Stealth
 + Level 6.6(11.6) Shields
 + Level 6.6(11.6) Unarmed Combat
 + Level 7.2 Spellcasting
 + Level 5.9 Conjurations
 + Level 5.5 Hexes
 + Level 5.5 Summonings
 + Level 5.5 Necromancy
 + Level 5.5 Translocations
 + Level 5.5 Transmutations
 + Level 5.5 Fire Magic
 + Level 5.5 Ice Magic
 + Level 5.5 Air Magic
 + Level 5.5 Earth Magic
 + Level 5.5 Poison Magic
 + Level 7.2 Invocations
 + Level 6.6 Evocations


You had 20 spell levels left.
You knew the following spells:

 Your Spells              Type           Power      Damage    Failure   Level
a - Foxfire               Conj/Fire      76%        2x1d7     1%          1
b - Stone Arrow           Conj/Erth      38%        3d9       4%          3

Your spell library contained the following spells:

 Spells                   Type           Power      Damage    Failure   Level
 Beastly Appendage        Tmut           38%        N/A       1%          1
 Sublimation of Blood     Necr           19%        N/A       2%          2
 Wereblood                Tmut           19%        N/A       2%          2
 Spider Form              Tmut/Pois      19%        N/A       5%          3
 Petrify                  Tmut/Erth      19%        N/A       17%         4
 Irradiate                Conj/Tmut      9%         3d14      41%         5
 Borgnjor's Vile Clutch   Necr/Erth      9%         N/A       43%         5
 Animate Dead             Necr           Unusable   N/A       N/A         4
 Death Channel            Necr           Unusable   N/A       N/A         6
 Summon Hydra             Summ           Unusable   N/A       N/A         7

Dungeon Overview and Level Annotations

Branches:
Dungeon (10/15)            Temple (0/1) D:7          Bailey (visited)
   Lair: D:8-11         Orc: D:9-12

Altars:
Cheibriados
Makhleb
Okawaru
Trog
Vehumet
Wu Jian
Xom

Annotations:
D:7 1 runed translucent door, apoch's ghost, novice HOFi
D:8 2 transporters, blobycou's ghost, novice DsFi


Innate Abilities, Weirdness & Mutations

You have very sharp teeth.
Your uncanny sense of smell can sniff out nearby items.
Your experience applies equally to all skills.


Message History

Maurice is severely wounded.
Maurice is no longer blind.
The orc misses you.
The centaur hits you with a +0 falchion!
The centaur misses you.
Maurice mumbles some strange words.
Maurice blinks!
You hit the centaur.
You kill the centaur!
Okawaru accepts your kill. The orc closely misses you.
You slash the orc!
You kill the orc!
Okawaru accepts your kill.
The swamp worm fires a harpoon shot at you.
The harpoon shot misses you.
Maurice zaps a wand.
The roots erupt in riotous growth!
The grasping roots grab you!
Maurice is unaffected.
The swamp worm is unaffected.
The grasping roots constrict you.
The swamp worm bites you but does no damage.
Items here: ( )) ? †.
You closely miss the swamp worm. Maurice hits you with a +0 mace.
Maurice steals your 5 potions of magic! The grasping roots constrict you.
The swamp worm bites you!
* * * LOW HITPOINT WARNING * * *
Maurice blocks your attack.
PTOANNNG!
You punch Maurice.
Maurice is severely wounded.
Maurice closely misses you. The grasping roots constrict you.
* * * LOW HITPOINT WARNING * * *
You slash Maurice!
You kill Maurice!
Okawaru accepts your kill. The swamp worm bites you!
* * * LOW HITPOINT WARNING * * *
You hit the swamp worm.
The swamp worm is lightly wounded.
The swamp worm bites you!!
You die...

#.........).#
#...........#
#...........#
#...........#
#...........#
#...........#
#.....))./..#
#[....).....#
#....)@.....#
#....)w.....#
#...........#
#...........#
#...........#
#.....W.....#
#...........#
#..<........#
#...c......


You could see a swamp worm and a wraith.

Vanquished Creatures
  2 orc high priests (Bailey)
  An orc knight (Bailey)
  Joseph (D:7)
  Maurice (D:10)
  A gargoyle (D:10)
  Psyche (D:10)
  Maggie (D:6)
  2 shadows (D:10)
  Eustachio (D:4)
  13 yaks
  A black bear (D:8)
  13 orc warriors
  2 ice beasts
  A sky beast (D:8)
  4 centaurs
  2 ogres (D:6)
  2 phantoms
  2 kobold brigands
  4 bullfrogs
  A necrophage (D:7)
  2 gnoll sergeants
  A scorpion (D:6)
  3 wights
  6 killer bees
  6 electric eels
  4 howler monkeys
  4 hounds
  4 orc priests
  2 jellies
  A gnoll bouda (D:7)
  An iguana (D:6)
  3 orc wizards
  20 gnolls
  6 adders
  4 shadow imps
  A worm (D:2)
  7 dart slugs
  47 orcs
  4 ball pythons
  8 bats
  10 endoplasms
  3 giant cockroaches
  19 goblins
  15 hobgoblins
  8 jackals
  2 quokkas
  3 frilled lizards
  11 kobolds
  5 rats
266 creatures vanquished.

Vanquished Creatures (others)
  An orc wizard (D:7)
  19 foxfires
  29 plants
49 creatures vanquished.

Grand Total: 315 creatures vanquished

Notes
Turn   | Place    | Note
-------+----------+-------------------------------------------
     0 | D:1      | Godmorgon the Gnoll Wanderer began the quest for the Orb.
     0 | D:1      | Godmorgon set off with the following items: a +2 falchion,
                  | 9 boomerangs, a +0 dagger, a scroll of fear, a +0 leather
                  | armour; and the following spell memorised: Foxfire; and the
                  | following spells available to memorise: Stone Arrow.
     0 | D:1      | Reached XP level 1. HP: 17/17 MP: 4/4
   533 | D:1      | Reached XP level 2. HP: 23/23 MP: 5/5
  1097 | D:1      | Reached XP level 3. HP: 28/28 MP: 7/7
  1464 | D:2      | Reached skill level 1 in Invocations
  1993 | D:2      | Reached skill level 1 in Short Blades
  1993 | D:2      | Reached skill level 1 in Axes
  1993 | D:2      | Reached skill level 1 in Maces & Flails
  1993 | D:2      | Reached skill level 1 in Polearms
  1993 | D:2      | Reached skill level 1 in Staves
  1993 | D:2      | Reached skill level 1 in Ranged Weapons
  1993 | D:2      | Reached skill level 1 in Dodging
  1993 | D:2      | Reached skill level 1 in Shields
  1993 | D:2      | Reached skill level 1 in Unarmed Combat
  1993 | D:2      | Reached skill level 1 in Evocations
  2215 | D:2      | Found a faded altar of an unknown god.
  2318 | D:2      | Reached XP level 4. HP: 34/34 MP: 8/8
  2609 | D:2      | Reached skill level 1 in Hexes
  2609 | D:2      | Reached skill level 1 in Summonings
  2609 | D:2      | Reached skill level 1 in Necromancy
  2609 | D:2      | Reached skill level 1 in Translocations
  2609 | D:2      | Reached skill level 1 in Transmutations
  2609 | D:2      | Reached skill level 1 in Fire Magic
  2609 | D:2      | Reached skill level 1 in Ice Magic
  2609 | D:2      | Reached skill level 1 in Air Magic
  2609 | D:2      | Reached skill level 1 in Earth Magic
  2609 | D:2      | Reached skill level 1 in Poison Magic
  3185 | D:3      | Reached XP level 5. HP: 40/40 MP: 9/9
  3208 | D:3      | Found a burning altar of Makhleb.
  3759 | D:3      | Noticed a centaur
  3766 | D:3      | Killed a centaur
  3767 | D:3      | Reached XP level 6. HP: 32/47 MP: 9/11
  4269 | D:4      | Reached skill level 5 in Throwing
  4508 | D:4      | Noticed Eustachio
  4708 | D:4      | Found an iron altar of Okawaru.
  4751 | D:3      | Reached skill level 7 in Long Blades
  4751 | D:3      | Reached XP level 7. HP: 5/52 MP: 12/12
  5070 | D:4      | Killed Eustachio
  5538 | D:5      | Entered Level 5 of the Dungeon
  5970 | D:5      | Found a radiant altar of Vehumet.
  5985 | D:5      | Found a snail-covered altar of Cheibriados.
  6450 | D:5      | Reached XP level 8. HP: 59/60 MP: 14/14
  7122 | D:4      | Became a worshipper of Warmaster Okawaru
  7318 | D:6      | Paralysed by a centaur for 5 turns
  7592 | D:6      | Noticed a yak
  7592 | D:6      | Noticed a yak
  7603 | D:6      | Noticed a yak
  7604 | D:6      | Noticed a yak
  7631 | D:5      | Killed a yak
  7648 | D:5      | Killed a yak
  7648 | D:5      | Reached * piety under Okawaru
  7877 | D:5      | Killed a yak
  8080 | D:6      | Killed a yak
  8081 | D:6      | Reached skill level 5 in Spellcasting
  8081 | D:6      | Reached XP level 9. HP: 10/67 MP: 14/16
  8517 | D:6      | HP: 3/67 [gnoll/+0 halberd[a gnoll sergeant] (10)]
  8522 | D:6      | Reached skill level 5 in Fighting
  8522 | D:6      | Reached skill level 5 in Armour
  8825 | D:6      | Reached ** piety under Okawaru
  8828 | D:6      | Noticed Maggie
  8848 | D:6      | Killed Maggie
  8849 | D:6      | Reached skill level 8 in Long Blades
  8849 | D:6      | Reached skill level 5 in Stealth
  8994 | D:7      | Found a staircase to the Ecumenical Temple.
  9127 | D:7      | Reached skill level 5 in Invocations
  9163 | D:7      | Found a runed translucent door.
  9163 | D:7      | Found a shimmering altar of Xom.
  9163 | D:7      | Noticed apoch's ghost (novice HOFi)
  9164 | D:7      | Noticed a +2 rapier of chaos
  9338 | D:7      | Noticed Joseph
  9365 | D:7      | Killed Joseph
  9365 | D:7      | Reached *** piety under Okawaru
  9990 | D:7      | Found a bloodstained altar of Trog.
 10204 | D:8      | Reached skill level 5 in Short Blades
 10204 | D:8      | Reached skill level 5 in Axes
 10204 | D:8      | Reached skill level 5 in Maces & Flails
 10204 | D:8      | Reached skill level 5 in Polearms
 10204 | D:8      | Reached skill level 5 in Staves
 10204 | D:8      | Reached skill level 5 in Ranged Weapons
 10204 | D:8      | Reached skill level 5 in Dodging
 10204 | D:8      | Reached skill level 5 in Shields
 10204 | D:8      | Reached skill level 5 in Unarmed Combat
 10204 | D:8      | Reached skill level 5 in Evocations
 10204 | D:8      | Reached XP level 10. HP: 76/76 MP: 18/18
 10480 | D:8      | Found a transporter.
 10480 | D:8      | Found a transporter.
 10480 | D:8      | Noticed blobycou's ghost (novice DsFi)
 10744 | D:8      | Noticed a red ugly thing
 10787 | D:8      | Learned a level 3 spell: Stone Arrow
 11020 | D:8      | Reached **** piety under Okawaru
 11029 | D:8      | Reached skill level 5 in Conjurations
 11363 | D:8      | Found an ornate altar of the Wu Jian Council.
 11363 | D:8      | You fall into a shaft and drop 1 floor!
 11630 | D:9      | Found a flagged portal.
 11712 | Bailey   | Entered a bailey
 11879 | Bailey   | Noticed an orc knight
 11892 | Bailey   | Killed an orc knight
 11893 | Bailey   | Reached skill level 9 in Long Blades
 11896 | Bailey   | Noticed an orc high priest
 11914 | Bailey   | Killed an orc high priest
 11914 | Bailey   | Reached ***** piety under Okawaru
 11914 | Bailey   | Received a gift from Okawaru
 11915 | Bailey   | Reached skill level 5 in Hexes
 11915 | Bailey   | Reached skill level 5 in Summonings
 11915 | Bailey   | Reached skill level 5 in Necromancy
 11915 | Bailey   | Reached skill level 5 in Translocations
 11915 | Bailey   | Reached skill level 5 in Transmutations
 11915 | Bailey   | Reached skill level 5 in Fire Magic
 11915 | Bailey   | Reached skill level 5 in Ice Magic
 11915 | Bailey   | Reached skill level 5 in Air Magic
 11915 | Bailey   | Reached skill level 5 in Earth Magic
 11915 | Bailey   | Reached skill level 5 in Poison Magic
 11915 | Bailey   | Reached XP level 11. HP: 65/83 MP: 15/21
 11951 | Bailey   | Acquired the +18 shield of the Gong {rElec rN+ Will+ EV-5}
 11951 | Bailey   | Found the +18 shield of the Gong {rElec rN+ Will+ EV-5}
 12023 | Bailey   | Acquired 815 gold pieces
 12025 | Bailey   | Acquired the ring "Hofam" {Fly rPois Int+2}
 12112 | Bailey   | Received a gift from Okawaru
 12860 | Bailey   | Found an iron altar of Okawaru.
 12862 | Bailey   | Noticed an orc high priest
 12878 | Bailey   | Killed an orc high priest
 13012 | D:10     | Entered Level 10 of the Dungeon
 13012 | D:10     | Noticed Maurice
 13262 | D:10     | Noticed Psyche
 13275 | D:10     | Killed Psyche
 13330 | D:10     | Killed Maurice
 13331 | D:10     | Mangled by a swamp worm

Illustrated notes

Levels and vault maps discovered:
D:1:      eino_arrival_cavern_b, layout_basic, serial_forest,
          infiniplex_forest_lined_3_way, infiniplex_forest_clump_curved,
          infiniplex_forest_clump_long, infiniplex_forest_lined_2
D:2:      layout_basic, shapermc_ecumenical_altar_petra,
          minmay_fractal_squares_gapless_5
D:3:      layout_basic, general_overflow_altar, hex_medium,
          kennysheep_small_spiral, minmay_unequal
D:4:      layout_rooms, lemuel_round_altar, minmay_misc_feat_rows,
          uniq_eustachio
D:5:      layout_basic, mainiacjoe_overflow_big_doors, serial_glass,
          glass_columns_b, glass_columns_c, st_stairs_6
D:6:      layout_rooms, uniq_maggie
D:7:      layout_rooms, nicolae_overflow_hidden_temple,
          minmay_temple_entry_ruins, ebering_ghost_xom, serial_bayou_lagoon_b,
          uniq_joseph
D:8:      layout_basic, pdpol_wu_jian_five_deadly_venoms, gammafunk_ghost_arena
D:9:      layout_cave_pools, minitemple, enter_bailey_3
D:10:     layout_cross, worms_lemuel, uniq_psyche, uniq_maurice

Skill      XL: |  1  2  3  4  5  6  7  8  9 10 11 |
---------------+----------------------------------+-----
Conjurations   | 2 3 4 5 |  5.9
Invocations    | 1 2 3 4 5 6 7 |  7.2
Short Blades   | 1 2 3 4 5 6 |  6.6
Axes           | 1 2 3 4 5 6 |  6.6
Maces & Flails | 1 2 3 4 5 6 |  6.6
Polearms       | 1 2 3 4 5 6 |  6.6
Staves         | 1 2 3 4 5 6 |  6.6
Ranged Weapons | 1 2 3 4 5 6 |  6.6
Dodging        | 1 2 3 4 5 6 |  6.6
Shields        | 1 2 3 4 5 6 |  6.6
Unarmed Combat | 1 2 3 4 5 6 |  6.6
Evocations     | 1 2 3 4 5 6 |  6.6
Spellcasting   | 3 4 5 6 7 |  7.2
Hexes          | 1 2 3 4 5 |  5.5
Summonings     | 1 2 3 4 5 |  5.5
Necromancy     | 1 2 3 4 5 |  5.5
Translocations | 1 2 3 4 5 |  5.5
Transmutations | 1 2 3 4 5 |  5.5
Fire Magic     | 1 2 3 4 5 |  5.5
Ice Magic      | 1 2 3 4 5 |  5.5
Air Magic      | 1 2 3 4 5 |  5.5
Earth Magic    | 1 2 3 4 5 |  5.5
Poison Magic   | 1 2 3 4 5 |  5.5
Fighting       | 3 4 5 6 7 |  7.2
Armour         | 3 4 5 6 7 |  7.2
Stealth        | 3 4 5 6 7 |  7.1
Throwing       | 5 6 7 8 |  8.1
Long Blades    | 7 8 9 |  9.4

Action                   |  1- 3 |  4- 6 |  7- 9 | 10-12 || total
-------------------------+-------+-------+-------+-------++-------
Melee: Falchion          |    79 |    30 |   100 |       ||   209
       Punch             |     1 |     3 |    14 |    18 ||    36
       Bite              |     4 |    20 |    41 |    40 ||   105
       Dagger            |       |   157 |   110 |       ||   267
       Scimitar          |       |       |    41 |   375 ||   416
Throw: Boomerang         |    15 |     2 |    48 |    37 ||   102
       Dart              |       |     8 |    17 |       ||    25
 Cast: Foxfire           |       |       |    14 |       ||    14
Invok: Heroism           |       |       |     5 |    18 ||    23
       Finesse           |       |       |       |     3 ||     3
Evoke: Wand              |       |       |     5 |     3 ||     8
  Use: Scroll            |     1 |       |     8 |     4 ||    13
       Potion            |       |       |     4 |       ||     4
 Stab: Sleeping          |     4 |     5 |     5 |     5 ||    19
       Invisible         |       |       |     3 |     1 ||     4
       Distracted        |       |       |     1 |       ||     1
       Paralysed         |       |       |     2 |       ||     2
Armor: Leather armour    |    12 |    41 |    32 |    28 ||   113
       Skin              |       |     1 |     6 |       ||     7
       Steam dragon scal |       |       |    12 |    47 ||    59
Dodge: Dodged            |    39 |   118 |   137 |   209 ||   503
Block: Kite shield       |       |       |       |   133 ||   133
